 Dungeon Crawl Stone Soup version 0.21.1-1-g345015f (webtiles) character file.

215 Fortress the Firebug (level 5, 0/40 HPs)
             Began as a Draconian Fire Elementalist on June 7, 2018.
             Was an Initiate of Makhleb.
             Slain by Eustachio
             ... wielding a +0 rapier
              (5 damage)
             ... on level 4 of the Dungeon.
             The game lasted 00:26:48 (3817 turns).

Fortress the Firebug (Draconian Fire Elementalist)  Turns: 3817, Time: 00:26:48

Health: 0/40       AC:  6    Str:  8 (10) XL:     5   Next: 60%
Magic:  8/8        EV: 12    Int: 20 (21) God:    Makhleb [......]
Gold:   66         SH:  0    Dex: 11 (12) Spells: 2/8 levels left

rFire    . . .     SeeInvis .   m - +0 short sword
rCold    . . .     Gourm    .   (no shield)
rNeg     . . .     Faith    .   (armour unavailable)
rPois    .         Spirit   .   (helmet restricted)
rElec    .         Reflect  .   (no cloak)
rCorr    .         Harm     .   (no gloves)
MR       .....                  t - +0 pair of boots (curse)
Stlth    ++........             (no amulet)
HPRegen  0.13/turn              (no ring)
MPRegen  0.11/turn              (no ring)

@: brilliant, flying
A: unfitting armour, cold-blooded, AC +5
a: Renounce Religion


You were on level 4 of the Dungeon.
You worshipped Makhleb.
Makhleb was noncommittal.
You were not hungry.

You visited 1 branch of the dungeon, and saw 4 of its levels.

You collected 66 gold pieces.

Inventory:

Hand Weapons
 m - a +0 short sword (weapon)
 o - a +0 hunting sling
Missiles
 d - 90 stones (quivered)
 e - 74 sling bullets
 i - 31 poisoned needles
 p - 25 arrows
Armour
 t - a cursed +0 pair of boots (worn)
Scrolls
 c - 3 scrolls of identify {unknown}
 j - 2 scrolls of teleportation {unknown}
 k - 2 scrolls of amnesia {unknown}
 r - a scroll of enchant armour {unknown}
 s - 3 scrolls of remove curse {unknown}
Potions
 f - a potion of brilliance
 g - a potion of agility {unknown}
 h - 2 potions of curing
 l - a potion of flight
 q - a potion of degeneration
 v - a potion of ambrosia {unknown}
Books
 a - a book of Flames

   Spells                             Type                      Level
   a - Flame Tongue                   Conjuration/Fire             1
   b - Throw Flame                    Conjuration/Fire             2
   c - Conjure Flame                  Conjuration/Fire             3
   d - Inner Flame                    Hexes/Fire                   3
   e - Sticky Flame                   Conjuration/Fire             4
   f - Fireball                       Conjuration/Fire             5
Comestibles
 b - 3 rations


   Skills:
 + Level 1.0 Fighting
 * Level 2.3 Short Blades
 - Level 2.0 Dodging
 - Level 2.0 Stealth
 - Level 2.1 Spellcasting
 + Level 3.3 Conjurations
 + Level 4.2 Fire Magic


You had 2 spell levels left.
You knew the following spells:

 Your Spells              Type           Power        Failure   Level  Hunger
a - Flame Tongue          Conj/Fire      ####.        1%          1    #......
b - Throw Flame           Conj/Fire      ####..       1%          2    ##.....
c - Conjure Flame         Conj/Fire      ####....     1%          3    ###....


Dungeon Overview and Level Annotations

Branches:
Dungeon (4/15)
 Temple: D:4-7

Altars:
Fedhas
Makhleb
Nemelex Xobeh

Annotations:
D:4 Edmund, Eustachio


Innate Abilities, Weirdness & Mutations

Your plain brown scales are hard. (AC +5)
You cannot fit into any form of body armour.
You are cold-blooded and may be slowed by cold attacks.


Message History

It was a potion of brilliance.
You feel clever all of a sudden. Eustachio closely misses you.
The quokka misses you.
The scorpion stings you but does no damage.
Your magical contamination has completely faded away.
It was a potion of flight.
You feel very buoyant.
You fly up into the air.
The quokka barely misses you. The scorpion closely misses you.
Eustachio gestures wildly while chanting.
It was a potion of degeneration.
There was something very wrong with that liquid.
You feel weakened.
You feel dopey.
You feel clumsy. The quokka closely misses you.
The scorpion closely misses you. Eustachio closely misses you.
The white imp shouts, "Scamper hence, thou unmuzzled spleeny cross-patch!"
It was a potion of magic.
Magic courses through your body. The quokka barely misses you.
The scorpion barely misses you. Eustachio hits you with a rapier.
You die...

................
#.................
#.................
+.................
#................[
#... #....#
#...####'###
#.......)s.#
#.......@@.#
#......55r.#
#..........#
#..........#
#######....#
######


You could see Eustachio, a scorpion, a quasit, a white imp and a quokka.

Vanquished Creatures
  A hound (D:3)
  2 orc priests
  An iguana (D:3)
  4 adders
  An ooze (D:1)
  A worm (D:3)
  3 dart slugs
  2 leopard geckos
  5 orcs
  2 giant cockroaches (D:3)
  6 goblins
  3 hobgoblins
  6 jackals
  A quokka (D:4)
  A ball python (D:3)
  2 bats
  2 frilled lizards
  6 kobolds
  2 rats
51 creatures vanquished.

Notes
Turn   | Place    | Note
-------+----------+-------------------------------------------
     0 | D:1      | Fortress the Draconian Fire Elementalist began the quest for the Orb.
     0 | D:1      | Reached XP level 1. HP: 14/14 MP: 3/3
   144 | D:1      | Reached XP level 2. HP: 3/20 MP: 0/5
   566 | D:1      | Reached skill level 1 in Short Blades
  1449 | D:2      | Reached XP level 3. HP: 26/26 MP: 3/6
  1540 | D:2      | Learned a level 2 spell: Throw Flame
  1544 | D:2      | Learned a level 3 spell: Conjure Flame
  1582 | D:2      | Found a blossoming altar of Fedhas.
  2300 | D:3      | Found a burning altar of Makhleb.
  2314 | D:3      | Reached XP level 4. HP: 20/34 MP: 0/7
  3024 | D:4      | Reached skill level 4 in Fire Magic
  3024 | D:4      | Reached XP level 5. HP: 23/39 MP: 0/8
  3198 | D:3      | Reached skill level 1 in Fighting
  3489 | D:3      | Found a sparkling altar of Nemelex Xobeh.
  3685 | D:4      | Noticed Edmund
  3754 | D:3      | Became a worshipper of Makhleb the Destroyer
  3791 | D:4      | Noticed Eustachio
  3817 | D:4      | Slain by Eustachio

Skill      XL: |  1  2  3  4  5 |
---------------+----------------+-----
Short Blades   | 1 2 |  2.3
Dodging        | 2 |  2.0
Stealth        | 2 |  2.0
Conjurations   | 2 3 |  3.3
Fire Magic     | 4 |  4.2
Fighting       | 1 |  1.0
Spellcasting   | |  2.1

Action                   |  1- 3 |  4- 6 || total
-------------------------+-------+-------++-------
Melee: Dagger            |    17 |       ||    17
       Unarmed           |     5 |       ||     5
       Tailslap          |     3 |     5 ||     8
       Short sword       |    12 |    29 ||    41
 Cast: Flame Tongue      |    51 |    39 ||    90
       Throw Flame       |     4 |    12 ||    16
       Conjure Flame     |       |     1 ||     1
  Use: Potion            |       |     5 ||     5
 Stab: Sleeping          |     1 |     1 ||     2
  Eat: Chunk             |     2 |     1 ||     3
       Ration            |     1 |     2 ||     3
Armor: Skin              |    20 |    22 ||    42
Dodge: Dodged            |    35 |    51 ||    86
